Map: Ulrena

Players

ShoWTimE

  • Race: Protoss Protoss

AcerBly (Bly) - Winner!

  • Race: Zerg Zerg

Event: DreamHack ROCCAT LotV Championship

VOD

Have the link to the VOD?

Description

Time

  • Played on: Nov. 26, 2015, 5:36 a.m.
  • Length: 15:02

All games in this series

Show
View Real Time Build Order
Export as new Build Order

ShoWTimE Protoss 

Build Orders: 1 Gate Expand 

Get SALT Encoding   

  12  0:01  Probe (Chrono Boost)  
  13  0:11  Probe (Chrono Boost)  
  14  0:19  Pylon  
  14  0:22  Probe (Chrono Boost)  
  15  0:37  Probe (Chrono Boost), Gateway  
  16  0:44  Assimilator  
  16  0:47  Probe (Chrono Boost)  
  17  0:58  Probe (Chrono Boost)  
  18  1:08  Probe (Chrono Boost)  
  19  1:22  Nexus  
  19  1:35  Cybernetics Core  
  19  1:36  Probe (Chrono Boost)  
  20  1:44  Assimilator  
  21  1:47  Probe (Chrono Boost)  
  21  1:54  Pylon  
  21  1:58  Probe (Chrono Boost)  
  23  2:08  Probe (Chrono Boost)  
  23  2:12  Adept (Chrono Boost)  
  23  2:14  Warp Gate  
  25  2:20  Mothership Core (Chrono Boost)  
  27  2:35  Probe (Chrono Boost)  
  28  2:38  Adept  
  28  2:39  Probe (Chrono Boost)  
  31  2:46  Probe (Chrono Boost)  
  31  2:48  Robotics Facility  
  31  2:53  Probe (Chrono Boost)  
  31  2:56  Probe (Chrono Boost)  
  33  3:03  Probe (Chrono Boost)  
  34  3:07  Probe (Chrono Boost)  
  35  3:14  Probe (Chrono Boost)  
  35  3:15  Pylon  
  35  3:17  Probe (Chrono Boost)  
  37  3:25  Probe (Chrono Boost)  
  38  3:28  Probe (Chrono Boost)  
  39  3:35  Probe (Chrono Boost)  
  39  3:36  Robotics Bay  
  39  3:37  Probe (Chrono Boost)  
  39  3:40  Warp Prism (Chrono Boost)  
  43  3:46  Probe  
  43  3:47  Probe  
  44  3:54  Pylon  
  45  3:58  Probe x2  
  45  4:02  Assimilator  
  47  4:04  Assimilator  
  47  4:08  Probe  
  47  4:10  Probe  
  49  4:19  Probe  
  49  4:22  Probe  
  51  4:25  Disruptor (Chrono Boost), Gravitic Drive  
  51  4:29  Probe  
  55  4:34  Probe  
  55  4:35  Pylon  
  56  4:39  Gateway  
  56  4:40  Probe  
  56  4:43  Gateway  
  56  4:44  Stalker  
  59  4:47  Probe  
  59  4:50  Probe  
  61  4:55  Stargate  
  61  4:57  Stargate  
  61  5:01  Probe  
  61  5:02  Probe, Pylon  
  61  5:05  Disruptor (Chrono Boost)  
  66  5:18  Nexus  
  67  5:21  Probe  
  67  5:22  Pylon  
  67  5:27  Probe  
  67  5:33  Probe  
  69  5:38  Probe  
  69  5:41  Phoenix (Chrono Boost)  
  69  5:42  Phoenix (Chrono Boost)  
  74  5:45  Probe  
  74  5:49  Pylon  
  75  5:50  Probe  
  75  5:52  Observer  
  77  5:57  Probe  
  77  6:02  Probe  
  77  6:03  Pylon  
  79  6:05  Phoenix x2 (Chrono Boost)  
  79  6:09  Probe  
  84  6:15  Probe  
  84  6:17  Sentry, Adept x2  
  91  6:19  Pylon  
  91  6:21  Probe, Pylon  
  92  6:26  Phoenix (Chrono Boost)  
  92  6:27  Probe, Phoenix (Chrono Boost)  
  97  6:34  Probe x2  
  97  6:35  Assimilator  
  97  6:39  Zealot x2, Assimilator  
  95  6:48  Phoenix (Chrono Boost)  
  95  6:50  Probe  
  95  6:51  Probe x2  
  100  6:54  Disruptor  
  100  6:57  Stalker  
  100  7:00  Phoenix (Chrono Boost)  
  99  7:10  Phoenix (Chrono Boost)  
  99  7:11  Stalker x2  
  105  7:16  Gateway  
  105  7:20  Gateway  
  105  7:29  Gateway  
  103  7:30  Stalker  
  103  7:33  Gateway  
  103  7:37  Pylon  
  105  7:39  Pylon  
  105  7:42  Stalker x2  
  109  7:48  Gateway  
  109  7:52  Probe x2, Forge  
  109  7:53  Gateway  
  109  7:54  Pylon  
  109  7:56  Pylon  
  111  7:59  Stalker, Pylon  
  111  8:00  Probe  
  114  8:06  Stalker x2  
  114  8:10  Twilight Council  
  114  8:11  Warp Prism  
  120  8:17  Sentry x2  
  123  8:36  Adept x4  
  131  8:47  Disruptor  
  132  8:54  Adept x3  
  133  8:58  Blink  
  133  8:59  Probe  
  133  9:00  Probe  
  131  9:14  Protoss Ground Weapons Level 1 (Chrono Boost)  
  131  9:18  Adept x3, Robotics Facility  
  131  9:19  Adept x3  
  131  9:22  Nexus, Disruptor  
  146  9:25  Pylon  
  144  9:40  Adept x7  
  156  9:45  Probe  
  156  9:46  Probe  
  156  9:51  Pylon  
  155  9:59  Observer  
  154  10:02  Mothership Core, Pylon  
  154  10:03  Adept x2  
  154  10:04  Adept x4  
  154  10:06  Probe  
  168  10:08  Probe  
  168  10:12  Disruptor  
  173  10:19  Zealot  
  175  10:23  Disruptor  
  175  10:25  Zealot x3  
  184  10:31  Probe x2  
  184  10:33  Zealot x2  
  190  10:37  Probe  
  190  10:41  Probe  
  192  10:48  Immortal (Chrono Boost)  
  177  10:59  Immortal (Chrono Boost)  
  177  11:01  Stalker x2  
  139  11:06  Zealot  
  139  11:07  Zealot x2  
  126  11:21  Void Ray (Chrono Boost)  
  128  11:27  Immortal (Chrono Boost)  
  128  11:28  Templar Archives  
  130  11:37  Immortal (Chrono Boost), Probe  
  130  11:38  Probe, Assimilator  
  136  11:40  Charge (Chrono Boost)  
  136  11:42  Assimilator  
  136  11:49  Void Ray (Chrono Boost)  
  138  11:54  Probe x2  
  138  11:59  Protoss Ground Weapons Level 2  
  138  12:00  Immortal (Chrono Boost)  
  142  12:02  Forge  
  142  12:06  Void Ray (Chrono Boost)  
  142  12:08  High Templar  
  142  12:10  High Templar  
  142  12:12  Immortal (Chrono Boost)  
  142  12:15  Zealot, Archon  
  148  12:16  Zealot x2  
  152  12:22  Zealot x2  
  152  12:27  Probe x2  
  158  12:30  Pylon  
  156  12:38  Immortal (Chrono Boost)  
  156  12:41  High Templar x2  
  160  12:46  Archon  
  160  12:48  Immortal (Chrono Boost), Zealot x2, High Templar x2  
  172  12:56  Archon  
  164  13:02  Zealot  
  166  13:10  Adept x2  
  166  13:12  Immortal (Chrono Boost)  
  173  13:18  Stalker x2  
  167  13:22  Observer (Chrono Boost)  
  164  13:30  Zealot x4  
  164  13:33  Probe  
  163  13:41  Immortal (Chrono Boost)  
  160  13:55  Observer (Chrono Boost)  
  156  14:03  High Templar x4  
  162  14:10  Archon  
  162  14:11  Archon  
  162  14:14  Stalker  
  162  14:15  Stalker x2  
  164  14:23  Nexus  
  142  14:36  Adept  
  142  14:37  Stalker, Adept x2  
  139  14:40  Stalker x3  
  108  14:58  High Templar x2  
Show
View Real Time Build Order
Export as new Build Order

AcerBly Zerg - Winner!

Build Orders: Hatch First, Lurkers 

Get SALT Encoding   

  12  0:02  Drone  
  13  0:12  Overlord  
  13  0:18  Drone  
  14  0:32  Drone x2  
  14  0:34  Drone  
  17  0:53  Hatchery  
  17  0:56  Drone  
  17  0:59  Drone  
  18  1:16  Drone  
  19  1:27  Spawning Pool  
  19  1:29  Drone  
  19  1:43  Hatchery  
  18  1:49  Drone, Overlord  
  19  1:59  Drone  
  20  2:09  Drone  
  20  2:10  Drone  
  20  2:15  Zergling x2  
  23  2:16  Queen  
  23  2:17  Zergling x2  
  26  2:24  Drone  
  26  2:28  Zergling x2  
  28  2:32  Queen  
  28  2:34  Zergling x2  
  31  2:43  Drone x2  
  33  2:49  Drone  
  34  2:55  Drone x2  
  36  2:58  Drone  
  36  3:03  Queen  
  36  3:05  Overlord, Queen  
  39  3:10  Extractor x2  
  39  3:13  Drone x2  
  39  3:15  Drone  
  42  3:23  Drone  
  42  3:26  Drone  
  42  3:27  Drone x4  
  46  3:33  Overlord  
  47  3:36  Overlord  
  47  3:39  Drone x2  
  49  3:51  Drone  
  49  3:52  Drone x4  
  49  3:54  Overlord  
  54  3:58  Lair  
  54  3:59  Drone x2  
  54  4:00  Extractor  
  55  4:09  Drone x4  
  59  4:12  Overlord  
  59  4:16  Drone  
  59  4:17  Drone x4  
  62  4:19  Drone  
  62  4:21  Overlord  
  64  4:26  Drone  
  64  4:27  Drone  
  64  4:30  Metabolic Boost  
  64  4:32  Overlord  
  64  4:36  Overlord, Roach Warren  
  63  4:38  Extractor  
  63  4:39  Drone x2  
  63  4:45  Drone x5  
  68  4:49  Overlord  
  69  4:55  Zergling x10  
  74  5:01  Spire  
  74  5:05  Extractor  
  74  5:06  Extractor  
  71  5:07  Drone x3  
  74  5:14  Drone x3  
  74  5:15  Drone x3  
  74  5:16  Overlord  
  74  5:20  Overlord  
  77  5:31  Drone x3  
  80  5:36  Hatchery  
  72  6:13  Drone x3  
  72  6:14  Mutalisk x8  
  72  6:15  Mutalisk x3  
  72  6:17  Drone x4  
  101  6:27  Overlord, Hydralisk Den  
  101  6:30  Extractor  
  101  6:31  Drone x3  
  102  6:35  Extractor  
  101  6:40  Overlord  
  101  6:42  Hatchery  
  101  6:47  Corruptor x4  
  98  6:49  Drone  
  98  6:50  Drone x5  
  102  7:10  Hydralisk x8  
  102  7:12  Drone x6  
  102  7:13  Drone x2  
  124  7:17  Overlord  
  124  7:20  Overlord, Muscular Augments  
  124  7:24  Evolution Chamber, Infestation Pit  
  120  7:43  Hydralisk x2  
  120  7:44  Hydralisk x7  
  122  7:46  Overlord  
  138  7:53  Zerg Missile Weapons Level 1  
  138  7:56  Hydralisk x4  
  146  8:00  Zergling x14  
  146  8:05  Hive  
  153  8:11  Zergling x2  
  153  8:12  Zergling x16  
  162  8:14  Overlord  
  162  8:19  Overlord  
  162  8:22  Overlord x2  
  161  8:39  Drone x5  
  161  8:40  Drone x8  
  161  8:41  Overlord  
  161  8:55  Lurker Den  
  149  9:01  Drone x3  
  148  9:06  Hydralisk x8  
  148  9:07  Overlord  
  164  9:18  Ultralisk Cavern  
  164  9:21  Overseer  
  164  9:22  Overseer  
  163  9:28  Hydralisk  
  163  9:29  Hydralisk x7  
  178  9:31  Overlord  
  178  9:35  Overlord  
  175  10:03  Zerg Melee Weapons Level 1  
  175  10:06  Evolution Chamber  
  169  10:08  Ultralisk x4  
  169  10:09  Ultralisk, Chitinous Plating  
  197  10:27  Zergling x6  
  200  10:39  Overlord  
  177  10:59  Ultralisk x3  
  177  11:00  Ultralisk x3  
  185  11:06  Drone x8  
  185  11:07  Drone x7  
  185  11:10  Lurker  
  185  11:11  Lurker  
  200  11:14  Overlord  
  200  11:18  Zerg Ground Armor Level 1  
  200  11:20  Greater Spire  
  200  11:22  Extractor  
  200  11:23  Extractor  
  200  11:24  Zergling x4  
  199  11:50  Hatchery  
  199  11:52  Overlord  
  195  12:03  Zergling x2  
  195  12:04  Zergling x8  
  200  12:14  Pneumatized Carapace  
  200  12:18  Overlord  
  200  12:20  Spore Crawler, Overlord  
  200  12:21  Spine Crawler  
  196  12:33  Drone x3  
  196  12:36  Queen x2  
  196  13:24  Viper  
  153  13:43  Mutalisk x15  
  153  13:44  Mutalisk x8  
  193  13:50  Lurker x4  
  193  13:51  Lurker x2  
  197  13:59  Mutalisk x2  
  197  14:00  Mutalisk x4  
  195  14:04  Lurker x2  
  195  14:05  Zergling x2  
  195  14:06  Zergling x16  
  174  14:18  Mutalisk x5  
  174  14:19  Mutalisk x3  
  174  14:23  Mutalisk  
  165  14:41  Hatchery  
  165  14:44  Zergling x2  

Tags
 
Add a new tag
Caveats
  • Supply blocks, unpowered buildings, or Contaminate may cause inaccurate times.
  • Supply counts are checked every 10 seconds.